[Event "Titled Tuesday Blitz April 11 Late 2023"]
[White "Yuan, Qingyu"]
[Black "Martic, Ivan"]
[WhiteFideId "8609772"]
[BlackFideId "929301"]
[WhiteElo "2359"]
[BlackElo "2360"]
[Result "1-0"]
[Round "06"]
[TimeControl "180+2"]
[Date "2023.04.11"]
[WhiteClock "0:00:06"]
[BlackClock "0:00:10"]

1. e4 c5 2. Nf3 e6 3. c3 d5 4. exd5 Qxd5 5. d4 Nf6 6. Na3 Nc6 7. Be3 cxd4 8. Nb5 Qd8 9. Nbxd4 Nxd4 10. Bxd4 a6 11. Bd3 Be7 12. O-O O-O 13. Qc2 h6 14. Rad1 Qc7 15. Be5 Qc5 16. b4 Qc6 17. Nd4 Qb6 18. Rfe1 Rd8 19. Nb3 Bd7 20. Bd4 Qc7 21. Be5 Qb6 22. Bd4 Qc7 23. Nc5 Be8 24. a4 Rac8 25. a5 Nd5 26. Qe2 Bf6 27. Qe4 g6 28. Bxf6 Nxf6 29. Qxb7 Qf4 30. g3 Qg5 31. Bxa6 Nd5 32. Rxd5 exd5 33. Qe7 Qd2 34. Bxc8 Rxc8 35. Qe3 Qa2 36. Qxh6 d4 37. cxd4 Bc6 38. Qg5 Qb2 39. Qe5 Qxb4 40. a6 Re8 41. Qxe8+ Bxe8 42. Rxe8+ Kg7 43. a7 Qb1+ 44. Kg2 Qb5 45. a8=Q Qc4 46. Rg8+ Kh6 47. Rh8+ Kg5 48. Qd8+ Kg4 49. Qh4+ Kf5 50. Qf4# 1-0


[Site "https://www.chess.com"]

[Event "Titled Tuesday Blitz April 11 Late 2023"]
[White "Oro, Faustino"]
[Black "Roebers, Eline"]
[WhiteFideId "20000197"]
[BlackFideId "1058401"]
[WhiteElo "1984"]
[BlackElo "2356"]
[Result "1-0"]
[Round "06"]
[TimeControl "180+2"]
[Date "2023.04.11"]
[WhiteClock "0:00:02"]
[BlackClock "0:00:02"]

1. Nf3 f5 2. g3 Nf6 3. Bg2 g6 4. O-O Bg7 5. d4 O-O 6. c4 d6 7. Nc3 Qe8 8. d5 Na6 9. Nd4 Bd7 10. Qc2 c6 11. Rd1 Rc8 12. Qb3 Nc5 13. Qa3 cxd5 14. cxd5 a6 15. Bd2 h6 16. Rac1 g5 17. Ne6 Nxe6 18. dxe6 Bxe6 19. Bxb7 Rc7 20. Qxa6 Bc4 21. Qa4 Qh5 22. Bg2 Ng4 23. h3 Ne5 24. Nd5 Rc5 25. Nxe7+ Kh7 26. Be3 Bxe2 27. Bxc5 dxc5 28. Qc2 Kh8 29. Re1 Nf3+ 30. Kh1 Nxe1 31. Rxe1 Bf3 32. Kg1 Bxg2 33. Kxg2 Bd4 34. Nxf5 Bf6 35. Qxc5 Qf7 36. g4 Rd8 37. Qe3 Qb7+ 38. Qe4 Qxb2 39. Qe6 1-0


[Site "https://www.chess.com"]

[Event "Titled Tuesday Blitz April 11 Late 2023"]
[White "Hajiyev, Kanan"]
[Black "Hambleton, Aman"]
[WhiteFideId "13404148"]
[BlackFideId "2606577"]
[WhiteElo "2103"]
[BlackElo "2511"]
[Result "0-1"]
[Round "06"]
[TimeControl "180+2"]
[Date "2023.04.11"]
[WhiteClock "0:00:03"]
[BlackClock "0:00:02"]

1. d4 e5 2. dxe5 Nc6 3. Bf4 Qe7 4. Nc3 Nxe5 5. e3 Nf6 6. Nf3 d6 7. Bb5+ c6 8. Be2 g6 9. O-O Bg7 10. Qd2 O-O 11. Rad1 Nxf3+ 12. Bxf3 d5 13. Rfe1 Bg4 14. Bxg4 Nxg4 15. e4 d4 16. Ne2 Rad8 17. f3 Ne5 18. Qa5 b6 19. Qa4 c5 20. c3 dxc3 21. Nxc3 Nd3 22. Nd5 Rxd5 23. exd5 Nxe1 24. Qc4 Qh4 0-1


[Site "https://www.chess.com"]

[Event "Titled Tuesday Blitz April 11 Late 2023"]
[White "Bilych, Olexiy"]
[Black "Tomaszewski, Kacper"]
[WhiteFideId "14156504"]
[BlackFideId "1127373"]
[WhiteElo "2320"]
[BlackElo "2211"]
[Result "1-0"]
[Round "06"]
[TimeControl "180+2"]
[Date "2023.04.11"]
[WhiteClock "0:01:38"]
[BlackClock "0:00:21"]

1. d4 g6 2. c4 Bg7 3. Nc3 c5 4. Nf3 Nc6 5. d5 Na5 6. Qd3 d6 7. e4 a6 8. Be2 b5 9. cxb5 Nf6 10. O-O O-O 11. a4 Nb3 12. Ra3 Nxc1 13. Rxc1 Bh6 14. Re1 Nh5 15. Bf1 Nf4 16. Qc2 Qa5 17. Nd2 Qb4 18. Nc4 axb5 19. axb5 Nxg2 20. Kxg2 1-0


[Site "https://www.chess.com"]

[Event "Titled Tuesday Blitz April 11 Late 2023"]
[White "Anand, Nadar"]
[Black "Martinez Ramirez, Lennis"]
[WhiteFideId "25009141"]
[BlackFideId "3509079"]
[WhiteElo "2247"]
[BlackElo "2410"]
[Result "0-1"]
[Round "06"]
[TimeControl "180+2"]
[Date "2023.04.11"]
[WhiteClock "0:00:17"]
[BlackClock "0:00:55"]

1. d4 e6 2. c4 Bb4+ 3. Bd2 a5 4. g3 d5 5. Nf3 dxc4 6. Bg2 Ne7 7. O-O O-O 8. Qc1 b5 9. a4 c6 10. Nc3 Bxc3 11. bxc3 Nd7 12. e4 Nb6 13. axb5 cxb5 14. Ne5 Nd7 15. Ng4 Bb7 16. f4 f5 17. exf5 Bxg2 18. Kxg2 exf5 19. Ne5 Nxe5 20. fxe5 Nd5 21. Qb1 b4 22. Rxf5 bxc3 23. Bg5 Qd7 24. Rxf8+ Rxf8 25. Rxa5 Qg4 26. h4 h6 27. Bxh6 gxh6 28. Rxd5 Qe2+ 29. Kh3 c2 30. Qb6 Qf1+ 31. Kg4 Qf5# 0-1


[Site "https://www.chess.com"]

[Event "Titled Tuesday Blitz April 11 Late 2023"]
[White "Weetik, Vjacheslav"]
[Black "Przybylski, Wojciech"]
[WhiteFideId "4153472"]
[BlackFideId "1117599"]
[WhiteElo "2469"]
[BlackElo "2222"]
[Result "1-0"]
[Round "06"]
[TimeControl "180+2"]
[Date "2023.04.11"]
[WhiteClock "0:00:05"]
[BlackClock "0:00:03"]

1. d4 Nf6 2. c4 e6 3. g3 d5 4. Nf3 Bb4+ 5. Bd2 Be7 6. Bg2 O-O 7. O-O Nbd7 8. Qc2 c6 9. Rd1 Ne4 10. Bf4 a5 11. Nbd2 f5 12. Ne5 g5 13. Nxd7 Bxd7 14. Be5 Be8 15. f3 Nd6 16. f4 Ne4 17. Nxe4 fxe4 18. Bh3 Qd7 19. cxd5 cxd5 20. Rac1 Ra6 21. Qc7 Bd8 22. Qc3 Bh5 23. Qe3 g4 24. Bf1 Be8 25. Rc3 Rc6 26. Rdc1 h5 27. Qd2 Kh7 28. e3 Kg6 29. Bb5 Qe7 30. Bxc6 bxc6 31. h4 gxh3 32. Kh2 Qf7 33. Qe2 Qf5 34. Qf1 Qg4 35. Qxh3 Qe2+ 36. Qg2 Qg4 37. R1c2 Rf7 38. Qh3 Qd1 39. Rg2 Qg4 40. Qxg4+ hxg4 41. Rgc2 Rh7+ 42. Kg2 a4 43. Rxc6 Bxc6 44. Rxc6 Re7 45. Ra6 Kf5 46. Rxa4 Rb7 47. b3 Be7 48. Ra8 Kg6 49. Re8 Kf7 50. Rc8 Rb6 51. Rc7 Ke8 52. Kf2 Ra6 53. Rc2 Rb6 54. Ke2 Ra6 55. a4 Bd8 56. Rc3 Rb6 57. Kd1 Be7 58. Kc2 Bb4 59. Rc8+ Kd7 60. Rg8 Be7 61. Rxg4 Rc6+ 62. Kb2 Bb4 63. Rg7+ Ke8 64. Rb7 Bc3+ 65. Ka3 Bd2 66. b4 Rc3+ 67. Ka2 Bxe3 68. a5 Bc1 69. Kb1 Bd2 70. a6 Ra3 71. a7 Bxb4 72. Rb8+ Kd7 73. a8=Q Rxa8 74. Rxa8 e3 75. Ra7+ Ke8 76. Ra2 Bd2 77. Kc2 Be1 78. Kd3 Bxg3 79. Kxe3 Be1 80. Ra6 Kd7 81. f5 exf5 82. Kf4 Bf2 83. Kxf5 Ke7 84. Rd6 Bxd4 85. Rxd5 Bb6 86. Rb5 Be3 87. Rb7+ Kd8 88. Ke6 Ba7 89. Rxa7 Kc8 90. Rf7 Kd8 91. Bd6 Kc8 92. Kd5 Kd8 93. Kc6 Ke8 94. Rf8# 1-0


[Site "https://www.chess.com"]

[Event "Titled Tuesday Blitz April 11 Late 2023"]
[White "Javakhadze, Zurab"]
[Black "Taboas Rodriguez, Daniel"]
[WhiteFideId "13603647"]
[BlackFideId "2208466"]
[WhiteElo "2381"]
[BlackElo "2365"]
[Result "0-1"]
[Round "06"]
[TimeControl "180+2"]
[Date "2023.04.11"]
[WhiteClock "0:00:17"]
[BlackClock "0:00:24"]

1. d4 Nf6 2. c4 g6 3. Nc3 Bg7 4. e4 d6 5. Nf3 O-O 6. Be2 e5 7. Be3 Ng4 8. Bg5 f6 9. Bc1 Nc6 10. O-O exd4 11. Nxd4 Nxd4 12. Qxd4 f5 13. Qd5+ Kh8 14. exf5 Rxf5 15. Qd1 Ne5 16. Be3 Be6 17. Nd5 c6 18. Nf4 Bxc4 19. Re1 Bxe2 20. Qxe2 Qf6 21. Nd3 Nxd3 22. Qxd3 Rd5 23. Qc4 a6 24. Re2 Re8 25. Rae1 Qf7 26. h3 Kg8 27. b3 Rde5 28. Qd3 d5 29. Bc5 Qf5 30. Qd1 Rxe2 31. Rxe2 Rxe2 32. Qxe2 Qe4 33. Qd1 d4 34. a4 d3 35. Be3 Bc3 36. Qc1 Qb4 37. Qd1 d2 38. Kf1 b5 39. Ke2 bxa4 40. bxa4 Qc4+ 41. Kf3 Qd3 42. g4 Kg7 43. h4 c5 44. h5 gxh5 45. gxh5 Qf5+ 46. Ke2 Qxh5+ 47. Kd3 Qxd1 0-1


[Site "https://www.chess.com"]

[Event "Titled Tuesday Blitz April 11 Late 2023"]
[White "Pakleza, Zbigniew"]
[Black "Araujo Sanchez, Josue"]
[WhiteFideId "1119290"]
[BlackFideId "6416896"]
[WhiteElo "2410"]
[BlackElo "2420"]
[Result "1-0"]
[Round "06"]
[TimeControl "180+2"]
[Date "2023.04.11"]
[WhiteClock "0:00:05"]
[BlackClock "0:00:05"]

1. d4 Nf6 2. Nf3 c5 3. c3 b6 4. Bf4 Bb7 5. e3 e6 6. Nbd2 cxd4 7. cxd4 Be7 8. h3 O-O 9. Bd3 Ba6 10. Bxa6 Nxa6 11. O-O Qc8 12. Qb3 Qb7 13. Nc4 Ne4 14. Rfc1 Rac8 15. a3 Nc7 16. Qd3 Rfd8 17. Rc2 Ne8 18. Rac1 d6 19. b4 Rc7 20. b5 Rdc8 21. a4 h6 22. a5 bxa5 23. Nxa5 Rxc2 24. Rxc2 Rxc2 25. Qxc2 Qc7 26. Nc6 N8f6 27. Qa4 Bf8 28. Qxa7 Qc8 29. Qa6 Qc7 30. Qa8 Nd5 31. Ne1 Nxf4 32. exf4 Nc3 33. Qa6 d5 34. Nd3 Qd6 35. Nde5 f6 36. Ng6 Kh7 37. Nxf8+ Qxf8 38. b6 Qd6 39. b7 Qxf4 40. b8=Q Qc1+ 41. Kh2 Ne2 42. Qxe2 1-0


[Site "https://www.chess.com"]

[Event "Titled Tuesday Blitz April 11 Late 2023"]
[White "Novik, Maxim"]
[Black "Adewumi, Tanitoluwa"]
[WhiteFideId "4102924"]
[BlackFideId "30966396"]
[WhiteElo "2287"]
[BlackElo "2283"]
[Result "1-0"]
[Round "06"]
[TimeControl "180+2"]
[Date "2023.04.11"]
[WhiteClock "0:00:13"]
[BlackClock "0:00:02"]

1. c4 e5 2. Nc3 Nc6 3. g3 g6 4. Bg2 d6 5. Rb1 Be6 6. d3 Bg7 7. b4 Rb8 8. b5 Nce7 9. Nf3 h6 10. O-O Nf6 11. a4 O-O 12. Nd2 d5 13. Ba3 Re8 14. Qc2 Nf5 15. e3 d4 16. Nd1 dxe3 17. fxe3 Ng4 18. Bc5 b6 19. h3 bxc5 20. hxg4 Nxg3 21. Rf3 Qh4 22. Nb3 Bxg4 23. Rf2 e4 24. Nxc5 exd3 25. Nxd3 Rbd8 26. Nf4 Bxd1 27. Rxd1 Rxd1+ 28. Qxd1 Rxe3 29. Nd5 Re8 30. Nxc7 Rd8 31. Nd5 Bd4 32. Qf3 Nf5 33. Kf1 Bxf2 34. Qxf2 Qxc4+ 35. Kg1 Rxd5 36. Bxd5 Qxd5 37. Qxa7 Qd1+ 38. Kf2 Qd2+ 39. Kf3 g5 40. Ke4 Nd6+ 41. Ke5 Qf4+ 42. Kd5 Nf5 43. b6 Qd6+ 44. Kc4 Ne3+ 45. Kb5 Qd3+ 46. Ka5 Nc4+ 47. Kb4 Nd6 48. Qc7 Qb1+ 49. Ka5 1-0


[Site "https://www.chess.com"]

[Event "Titled Tuesday Blitz April 11 Late 2023"]
[White "Castaneda, Jhon David"]
[Black "Erzhanov, Arman"]
[WhiteFideId "4405048"]
[BlackFideId "4138821"]
[WhiteElo "2102"]
[BlackElo "2138"]
[Result "0-1"]
[Round "06"]
[TimeControl "180+2"]
[Date "2023.04.11"]
[WhiteClock "0:00:25"]
[BlackClock "0:00:17"]

1. d4 d6 2. Nf3 g6 3. c4 Bg7 4. Nc3 e5 5. Bg5 f6 6. Bh4 Ne7 7. e4 O-O 8. Be2 g5 9. Bg3 Ng6 10. c5 Nc6 11. cxd6 cxd6 12. dxe5 dxe5 13. Nd5 Be6 14. O-O g4 15. Nh4 Nxh4 16. Bxh4 Nd4 17. Bxg4 Bxd5 18. exd5 Qxd5 19. Kh1 f5 20. Be2 Bh6 21. b3 Kh8 22. Bc4 Qd6 23. a4 a6 24. a5 Rae8 25. f3 Be3 26. Re1 f4 27. Ra2 Qc5 28. Qd3 Rc8 29. Qe4 Rc6 30. h3 Nf5 31. b4 Qd6 32. Bd5 Nxh4 33. Bxc6 bxc6 34. Qc4 Qg6 35. Qxa6 Rg8 36. Ree2 Nxf3 37. Ra1 Qg3 38. gxf3 Qxh3+ 39. Rh2 Qxf3+ 0-1


[Site "https://www.chess.com"]

[Event "Titled Tuesday Blitz April 11 Late 2023"]
[White "Domingo Nunez, Ruben"]
[Black "Shapiro, Viktor"]
[WhiteFideId "22245570"]
[BlackFideId "4175700"]
[WhiteElo "2404"]
[BlackElo "2152"]
[Result "0-1"]
[Round "06"]
[TimeControl "180+2"]
[Date "2023.04.11"]
[WhiteClock "0:00:04"]
[BlackClock "0:00:15"]

1. b3 Nf6 2. Bb2 d5 3. Nf3 Bf5 4. e3 e6 5. Be2 Be7 6. O-O O-O 7. h3 h6 8. c4 c5 9. cxd5 Nxd5 10. Ne5 Nd7 11. Nxd7 Qxd7 12. Bf3 Bf6 13. d4 Bh7 14. e4 Nb4 15. a3 Nc6 16. e5 Be7 17. dxc5 Qc7 18. Bxc6 Qxc6 19. b4 Rfd8 20. Qg4 Bf5 21. Qg3 Rd3 22. Qf4 Rad8 23. Qc4 b5 24. Qc1 Bg5 25. Qe1 Bxh3 26. f3 Bf5 27. Bc1 Bxc1 28. Qxc1 Qd5 29. Qb2 Rb3 30. Qf2 Qxe5 31. Nd2 Rb2 32. Rfd1 Qc3 33. Ne4 Rxd1+ 34. Rxd1 Bxe4 35. Qg3 Qe3+ 36. Kh2 Qxf3 37. Qxf3 Bxf3 38. Rc1 Rxg2+ 39. Kh3 Bc6 40. Rd1 Ra2 41. Rd6 Rxa3+ 42. Kg4 Bf3+ 43. Kf4 a5 44. bxa5 g5+ 45. Ke5 Rxa5 46. Kf6 Ra8 47. Rd7 Rf8 48. Rd3 Bd5 49. Rh3 Kh7 50. Ke7 Rc8 51. Kd7 Rxc5 52. Rc3 Rxc3 0-1


[Site "https://www.chess.com"]

[Event "Titled Tuesday Blitz April 11 Late 2023"]
[White "Chos, Alexey"]
[Black "Poliakova, Varvara"]
[WhiteFideId "14117762"]
[BlackFideId "13518313"]
[WhiteElo "2234"]
[BlackElo "2075"]
[Result "1-0"]
[Round "06"]
[TimeControl "180+2"]
[Date "2023.04.11"]
[WhiteClock "0:00:11"]
[BlackClock "0:01:18"]

1. Nf3 f5 2. g3 d6 3. d4 Nf6 4. Bg2 g6 5. O-O Bg7 6. Nc3 O-O 7. Re1 Ne4 8. Nxe4 fxe4 9. Nd2 d5 10. e3 c6 11. f3 exf3 12. Nxf3 Bg4 13. h3 Bf5 14. g4 Be4 15. Ng5 Bxg2 16. Kxg2 Qd6 17. e4 e5 18. dxe5 Bxe5 19. exd5 Nd7 20. Be3 cxd5 21. Nf3 Rae8 22. c4 d4 23. Bxd4 Qc6 24. Bxe5 Nxe5 25. Qd5+ Qxd5 26. cxd5 Rxf3 27. Rxe5 Rxe5 28. Kxf3 Rxd5 29. Rc1 Rd7 30. Ke4 Kf7 31. Ke5 Ke7 32. Rc8 Kf7 33. b4 h6 34. a4 Re7+ 35. Kd6 Re6+ 36. Kd5 Rb6 37. b5 Kf6 38. h4 a6 39. Kc5 Re6 40. b6 Re4 41. Rc7 Rxg4 42. Rxb7 Rxh4 43. Rb8 Rxa4 44. b7 Ra5+ 45. Kd4 Ra4+ 46. Ke3 Ra3+ 47. Ke4 Ra4+ 48. Kd3 Rb4 49. Rf8+ Kg5 50. b8=Q Rxb8 51. Rxb8 h5 52. Ke4 Kg4 53. Rb1 g5 54. Rg1+ Kh4 55. Kf5 g4 56. Kf4 Kh3 57. Rh1+ Kg2 58. Rxh5 1-0


[Site "https://www.chess.com"]

[Event "Titled Tuesday Blitz April 11 Late 2023"]
[White "Bas Mas, Jose Joaquin"]
[Black "Karthikeyan, Murali"]
[WhiteFideId "22219064"]
[BlackFideId "5074452"]
[WhiteElo "2233"]
[BlackElo "2523"]
[Result "0-1"]
[Round "06"]
[TimeControl "180+2"]
[Date "2023.04.11"]
[WhiteClock "0:00:41"]
[BlackClock "0:02:00"]

1. e4 c5 2. Nc3 Nc6 3. Bb5 Nd4 4. Nf3 e6 5. O-O a6 6. Bd3 Ne7 7. Nxd4 cxd4 8. Ne2 Nc6 9. c3 Bc5 10. b4 Ba7 11. Bb2 O-O 12. a3 d5 13. Qc2 h6 14. Nxd4 Nxd4 15. cxd4 dxe4 16. Bxe4 Bxd4 17. Rac1 Bxb2 18. Qxb2 Ra7 19. d4 b5 20. Rfd1 Rd7 21. Rc5 Bb7 22. Bxb7 Rxb7 23. d5 Rd7 24. Qe5 Rd6 25. g3 Qd7 26. Kg2 Rd8 27. dxe6 Qb7+ 28. Kh3 Rxd1 29. e7 Re8 0-1


[Site "https://www.chess.com"]

[Event "Titled Tuesday Blitz April 11 Late 2023"]
[White "Leiva, Gianmarco"]
[Black "Golubev, Mikhail"]
[WhiteFideId "3804399"]
[BlackFideId "14100983"]
[WhiteElo "2345"]
[BlackElo "2374"]
[Result "0-1"]
[Round "06"]
[TimeControl "180+2"]
[Date "2023.04.11"]
[WhiteClock "0:00:03"]
[BlackClock "0:00:27"]

1. e4 c5 2. Nf3 d6 3. Bb5+ Bd7 4. Bxd7+ Nxd7 5. O-O Ngf6 6. Qe2 e6 7. d4 cxd4 8. Nxd4 Rc8 9. c4 Qb6 10. Be3 Qa6 11. Nd2 Be7 12. Nb5 d5 13. cxd5 exd5 14. e5 Nxe5 15. Bd4 Ng6 16. Rfe1 O-O 17. Nxa7 Qxe2 18. Rxe2 Rc2 19. Rae1 Bb4 20. Nb3 Rc4 21. Rd1 Ne4 22. Nb5 Nf4 23. Re3 Rc2 24. f3 Rxg2+ 25. Kf1 Rxh2 26. Kg1 Rg2+ 27. Kf1 Ng3# 0-1


[Site "https://www.chess.com"]

[Event "Titled Tuesday Blitz April 11 Late 2023"]
[White "Mamedov, Edgar"]
[Black "Vivas Zamora, Fabian Ernesto"]
[WhiteFideId "13739980"]
[BlackFideId "3902480"]
[WhiteElo "2330"]
[BlackElo "2262"]
[Result "0-1"]
[Round "06"]
[TimeControl "180+2"]
[Date "2023.04.11"]
[WhiteClock "0:00:35"]
[BlackClock "0:00:03"]

1. d4 Nf6 2. Nf3 g6 3. Nbd2 c5 4. dxc5 Na6 5. e4 Nxc5 6. e5 Nd5 7. Ne4 Qa5+ 8. Bd2 Qc7 9. Nxc5 Qxc5 10. c4 Nc7 11. Be2 Ne6 12. O-O Bg7 13. Bc3 O-O 14. Qd2 b6 15. Rfd1 Qc7 16. Bb4 Re8 17. Rac1 Bxe5 18. Nxe5 Qxe5 19. Bc3 Qg5 20. Qd5 Rb8 21. Bf3 Bb7 22. Qxg5 Nxg5 23. Bxb7 Rxb7 24. f3 d6 25. h4 Ne6 26. h5 Rc8 27. hxg6 hxg6 28. b3 b5 29. cxb5 Rxb5 30. Bb2 Rxc1 31. Rxc1 Rc5 32. Rxc5 Nxc5 33. Bd4 a6 34. Kf1 e5 35. Be3 f5 36. Ke2 Kf7 37. b4 Na4 38. Kd3 d5 39. Ba7 Ke6 40. Kc2 d4 41. f4 Nc3 42. fxe5 Kxe5 43. Kd3 Nxa2 44. Bxd4+ Kd5 45. Bc5 a5 46. Be7 Nxb4+ 47. Ke3 Nc6 48. Ba3 g5 49. Kf3 Ne5+ 50. Kf2 Nc4 51. Bc1 g4 0-1


[Site "https://www.chess.com"]

[Event "Titled Tuesday Blitz April 11 Late 2023"]
[White "Di Berardino, Diego Rafael"]
[Black "Hoffmann, Asa"]
[WhiteFideId "2105446"]
[BlackFideId "2001470"]
[WhiteElo "2432"]
[BlackElo "2117"]
[Result "1/2-1/2"]
[Round "06"]
[TimeControl "180+2"]
[Date "2023.04.11"]
[WhiteClock "0:00:08"]
[BlackClock "0:00:45"]

1. d4 Nf6 2. Nf3 d6 3. e3 Bf5 4. b3 c6 5. Bb2 Nbd7 6. Nbd2 e6 7. Be2 h6 8. O-O Be7 9. c4 O-O 10. b4 a5 11. a3 b6 12. Qb3 Qc7 13. Rfc1 e5 14. c5 bxc5 15. bxc5 Rfb8 16. Qa2 e4 17. cxd6 Bxd6 18. Ne5 Nxe5 19. dxe5 Bxe5 20. Bxe5 Qxe5 21. Nc4 Qe7 22. Qd2 a4 23. Rab1 Rd8 24. Qc2 Be6 25. h3 Bxc4 26. Bxc4 Qxa3 27. Ra1 Qd6 28. Rxa4 Rxa4 29. Qxa4 Qd2 30. Rb1 c5 31. Rb7 Qd1+ 32. Qxd1 Rxd1+ 33. Kh2 Rd7 34. Rb8+ Kh7 35. Rc8 Rd2 36. Bxf7 Rxf2 37. Be6 Kg6 38. Rxc5 Re2 39. Bf5+ Kf7 40. Rc7+ Kf8 41. Rc8+ Ke7 42. Rc7+ Kd6 43. Rxg7 Rxe3 44. Rg6 Ke5 45. Bxe4 Nxe4 46. Rxh6 Re2 47. Rh8 Kd4 48. Rf8 Rf2 49. Rxf2 Nxf2 50. Kg3 Ne4+ 51. Kf4 Nd6 52. g4 Kd5 53. Kg5 Ke6 54. Kg6 Nf7 55. h4 Ne5+ 56. Kg5 Nxg4 57. Kxg4 Kf7 58. Kg5 Kg7 1/2-1/2


[Site "https://www.chess.com"]

[Event "Titled Tuesday Blitz April 11 Late 2023"]
[White "Ismagilov, Damir"]
[Black "Kula, Robert"]
[WhiteFideId "34199982"]
[BlackFideId "1101218"]
[WhiteElo "2078"]
[BlackElo "2180"]
[Result "1/2-1/2"]
[Round "06"]
[TimeControl "180+2"]
[Date "2023.04.11"]
[WhiteClock "0:00:22"]
[BlackClock "0:00:15"]

1. d4 d5 2. Bf4 c6 3. e3 Bf5 4. c4 e6 5. Nc3 Nd7 6. Qb3 Qb6 7. c5 Qxb3 8. axb3 a6 9. b4 Rc8 10. Nf3 Ngf6 11. h3 h6 12. Nd2 Ne4 13. Nb3 f6 14. Be2 e5 15. Bh2 Be7 16. Bh5+ g6 17. Bf3 Nxc3 18. bxc3 Be4 19. Bxe4 dxe4 20. dxe5 fxe5 21. Nd2 Kf7 22. Nxe4 Ke6 23. Ke2 Nf6 24. Nxf6 Bxf6 25. Rhd1 Rhd8 26. e4 Bg5 27. f3 Rxd1 28. Rxd1 Rd8 29. Rd3 Rxd3 30. Kxd3 Bh4 31. Bg1 Be1 32. Be3 h5 33. Bd2 Bf2 34. Kc4 Bg3 35. Kb3 Bh4 36. Ka4 Bd8 37. c4 Be7 38. Be3 Bd8 39. b5 Bc7 40. Bd2 Bd8 41. bxa6 bxa6 42. Ba5 Bg5 43. Bb6 Bd2 44. Bc7 Be1 45. Bd6 Bd2 46. Bc7 Be1 47. Ba5 Bh4 48. Kb3 Bg5 49. Kc2 Be3 50. Bb4 Bg1 51. Kd3 Bf2 52. Ke2 Bg3 53. Ke3 Bf4+ 54. Kf2 h4 55. Ke2 g5 56. Kd3 Kd7 57. Kc2 Kc7 58. Kb3 Kb7 59. Ba5 Be3 60. Bd8 Bf4 61. Bf6 Kc7 62. Ka4 Kb7 63. Bd8 Be3 64. Bb6 Bf4 65. Kb3 Be3 66. Kc3 Bf4 67. Kd3 Kc8 68. Ba5 Kb7 69. Be1 Kc8 70. Ke2 Kb7 71. Bd2 Kc7 72. Ba5+ Kb7 73. Bb6 Kc8 74. Kd3 Kb7 75. Kc2 Kc8 76. Kb3 Kb7 77. Bd8 Kc8 78. Bf6 Kb7 79. Kc2 Kc8 80. Kb2 Kb7 81. Ka3 Kc8 82. Ka4 Kb7 83. Ka5 Bd2+ 84. Ka4 Bf4 1/2-1/2


[Site "https://www.chess.com"]

[Event "Titled Tuesday Blitz April 11 Late 2023"]
[White "Albuquerque Junior,Wellington S."]
[Black "Suder, Jakub"]
[WhiteFideId "2151480"]
[BlackFideId "1195310"]
[WhiteElo "2109"]
[BlackElo "2287"]
[Result "1-0"]
[Round "06"]
[TimeControl "180+2"]
[Date "2023.04.11"]
[WhiteClock "0:00:04"]
[BlackClock "0:00:03"]

1. c4 e6 2. Nf3 d5 3. g3 Nf6 4. Bg2 Be7 5. b3 O-O 6. O-O c5 7. e3 Nc6 8. Bb2 d4 9. exd4 cxd4 10. Re1 Bc5 11. Na3 Re8 12. Ne5 Nxe5 13. Rxe5 Qd6 14. Rxc5 Qxc5 15. Nb5 e5 16. Ba3 Qb6 17. Nd6 Rd8 18. c5 Qa5 19. Qc1 Rb8 20. b4 Qa4 21. Bf1 a6 22. Bc4 Be6 23. Bxe6 fxe6 24. Nc4 e4 25. Qb2 Qb5 26. Nd6 Qe2 27. Qxd4 Rd7 28. Bb2 h5 29. Qe3 Qg4 30. Bxf6 gxf6 31. Nxe4 Rf8 32. f3 Qg6 33. d4 f5 34. Ng5 Re8 35. f4 Qf6 36. Nf3 Red8 37. Re1 Re7 38. Kf2 Rd5 39. a3 Rd8 40. h4 Rd5 41. Re2 Rd8 42. Ne5 Rd5 43. Rd2 Re8 44. Qf3 Red8 45. Qxh5 Rxd4 46. Rxd4 Rxd4 47. Qe8+ Kg7 48. Qc8 Qe7 49. c6 bxc6 50. Qxc6 Rd6 51. Qc3 Kh7 52. Nf3 Rd5 53. Ng5+ Kg8 54. Qc8+ Rd8 55. Qc3 Qd7 56. Qe3 Re8 57. h5 Qd5 58. h6 Rc8 59. h7+ Kg7 60. Qxe6 Rc2+ 61. Ke3 Qb3+ 62. Qxb3 1-0


[Site "https://www.chess.com"]

[Event "Titled Tuesday Blitz April 11 Late 2023"]
[White "Ozates, Tuna"]
[Black "Alahakoon, Isuru"]
[WhiteFideId "6354521"]
[BlackFideId "9900993"]
[WhiteElo "2151"]
[BlackElo "1995"]
[Result "1/2-1/2"]
[Round "06"]
[TimeControl "180+2"]
[Date "2023.04.11"]
[WhiteClock "0:00:20"]
[BlackClock "0:00:07"]

1. e4 d5 2. exd5 Nf6 3. c4 c6 4. d4 cxd5 5. Nc3 e6 6. a3 Nc6 7. Nf3 Be7 8. Bd3 O-O 9. O-O dxc4 10. Bxc4 b6 11. Qd3 Bb7 12. Bg5 h6 13. Bh4 Nh5 14. Bg3 Nxg3 15. hxg3 Bf6 16. Rad1 Qd6 17. Ba2 Rfd8 18. Bb1 g6 19. Rfe1 Nxd4 20. Nxd4 Qxd4 21. Qe2 Qc5 22. Rc1 Bg7 23. Ne4 Qd5 24. Rc7 Rac8 25. Rxc8 Rxc8 26. Rd1 Qc6 27. f3 Qc4 28. Qf2 Bxe4 29. Bxe4 Qc5 30. Rd7 Qxf2+ 31. Kxf2 Bxb2 32. Rxa7 Rc3 33. a4 Ba3 34. Ke2 Bc5 35. a5 Ra3 36. axb6 Rxa7 37. bxa7 Bxa7 38. g4 Kg7 39. Kf1 Kf6 40. Bd3 Ke5 41. g3 Kd4 42. Be4 Ke3 43. Kg2 Bc5 44. Bc6 f6 45. Be8 g5 46. Bf7 e5 47. Bg6 Bd4 48. Be4 Bc5 49. Bf5 Bd4 50. Be4 Bc5 51. Bf5 Bd4 52. Bg6 Bc5 53. Bh5 Bd4 54. Bg6 Bc5 55. Bb1 Bd4 56. Be4 1/2-1/2


[Site "https://www.chess.com"]

[Event "Titled Tuesday Blitz April 11 Late 2023"]
[White "Dilmukhametov, Artur"]
[Black "Haydon, David L"]
[WhiteFideId "24179922"]
[BlackFideId "415405"]
[WhiteElo "2199"]
[BlackElo "2326"]
[Result "1-0"]
[Round "06"]
[TimeControl "180+2"]
[Date "2023.04.11"]
[WhiteClock "0:00:23"]
[BlackClock "0:00:54"]

1. e4 Nf6 2. e5 Nd5 3. c4 Nb6 4. c5 Nd5 5. Bc4 e6 6. Nc3 Nxc3 7. dxc3 Bxc5 8. Qg4 Bf8 9. Bg5 Be7 10. Bxe7 Qxe7 11. Qxg7 Rf8 12. Nf3 h5 13. Ng5 d6 14. Nh7 Nd7 15. exd6 cxd6 16. O-O-O f5 17. Qxe7+ Kxe7 18. Nxf8 Nxf8 19. Rhe1 Bd7 20. Be2 h4 21. g3 Ng6 22. Bh5 Ne5 23. f4 Nc4 24. Rd4 Nb6 25. gxh4 Rh8 26. Bd1 Rxh4 27. Bc2 Rh5 28. Rd2 Rh4 29. Bxf5 Rxf4 30. Be4 Nc4 31. Rg2 Ne5 32. Bc2 Bc6 33. Rg7+ Kf6 34. Rg8 Kf7 35. Reg1 Rh4 36. R8g7+ Kf6 37. Rh7 Rf4 38. h4 Nf3 39. Rf1 e5 40. h5 Kg5 41. Rh1 e4 42. Rg7+ Kh6 43. Rg6+ Kh7 44. Rxd6 Ng5 45. h6 Nf7 46. Rd4 a6 47. a4 Rg4 48. b4 Ng5 49. b5 axb5 50. axb5 Bxb5 51. Rd5 Bc6 52. Re5 Nf7 53. Re7 Kg6 54. Rxf7 Kxf7 55. h7 Rh4 56. Rxh4 1-0


[Site "https://www.chess.com"]

[Event "Titled Tuesday Blitz April 11 Late 2023"]
[White "Papayan, Oleg"]
[Black "Danielyan, Vahe"]
[WhiteFideId "4193911"]
[BlackFideId "13304828"]
[WhiteElo "2153"]
[BlackElo "2423"]
[Result "0-1"]
[Round "06"]
[TimeControl "180+2"]
[Date "2023.04.11"]
[WhiteClock "0:00:03"]
[BlackClock "0:00:35"]

1. e4 d6 2. d4 Nf6 3. Nc3 e5 4. dxe5 dxe5 5. Qxd8+ Kxd8 6. Bc4 Bb4 7. Bxf7 Rf8 8. Bb3 Nxe4 9. Ne2 Bf5 10. O-O Nxc3 11. Nxc3 c6 12. Bg5+ Kc7 13. Ne2 Nd7 14. Ng3 Bg6 15. c3 Bd6 16. Be3 Nc5 17. Rad1 Nxb3 18. axb3 Rad8 19. b4 Be7 20. f3 b6 21. Kf2 h6 22. Ke2 Bc2 23. Rd2 Bb3 24. Rxd8 Rxd8 25. Re1 a5 26. bxa5 bxa5 27. Ra1 a4 28. Ne4 Rd5 29. Nd2 Bc2 30. Rc1 Bd3+ 31. Kf2 Rb5 32. Ra1 Bc2 33. Ra2 Rd5 34. Nc4 Bb3 0-1


[Site "https://www.chess.com"]